 Dungeon Crawl Stone Soup version 0.27-a0-1177-g245c70e1c0 (webtiles) character file.

Game seed: 6525501414893847249

7 jasper the Magician (level 1, -1/13 HPs)
             Began as a Demonspawn Hedge Wizard on May 16, 2021.
             Slain by a hobgoblin (3 damage)
             ... on level 1 of the Dungeon.
             The game lasted 00:01:01 (381 turns).

jasper the Magician (Demonspawn Hedge Wizard)        Turns: 381, Time: 00:01:02

Health: -1/13      AC:  2    Str: 10    XL:     1   Next: 83%
Magic:  2/4        EV: 12    Int: 15    God:
Gold:   6          SH:  0    Dex: 12    Spells: 4/6 levels left

rFire    . . .     SeeInvis .   a - +0 dagger
rCold    . . .     Faith    .   (no shield)
rNeg     . . .     Spirit   .   b - +0 robe
rPois    .         Reflect  .   c - +0 hat
rElec    .         Harm     .   (no cloak)
rCorr    .         Rampage  .   (no gloves)
Will     .....                  (no boots)
Stlth    ++........             (no amulet)
HPRegen  0.04/turn              (no ring)
MPRegen  0.09/turn              (no ring)

@: no status effects
A: no striking features
a: no special abilities


You were on level 1 of the Dungeon.
You visited 1 branch of the dungeon, and saw 1 of its levels.

You collected 6 gold pieces.

Inventory:

Hand Weapons
 a - a +0 dagger (weapon)
Armour
 b - a +0 robe (worn)
 c - a +0 hat (worn)
Magical Staves
 d - a staff of poison
Scrolls
 e - a scroll of identify


   Skills:
 - Level 1.7 Dodging
 - Level 1.7 Stealth
 - Level 3.0 Spellcasting
 - Level 2.0 Conjurations
 - Level 1.0 Summonings
 + Level 0.0 Necromancy
 - Level 0.8 Translocations


You had 4 spell levels left.
You knew the following spells:

 Your Spells              Type           Power      Damage    Failure   Level
a - Magic Dart            Conj           32%        1d4       9%          1
b - Animate Skeleton      Necr           4%         N/A       21%         1

Your spell library contained the following spells:

 Spells                   Type           Power      Damage    Failure   Level
 Pain                     Necr           8%         1d4       21%         1
 Call Imp                 Summ           5%         N/A       21%         2
 Blink                    Tloc           N/A        N/A       22%         2
 Slow                     Hex            2%         N/A       30%         2
 Conjure Flame            Conj/Fire      5%         6-21      36%         3
 Mephitic Cloud           Conj/Pois/Air  4%         N/A       43%         3
 Vampiric Draining        Necr           1%         2d6       52%         3
 Animate Dead             Necr           1%         N/A       89%         4
 Agony                    Necr           2%         N/A       99%         5


Dungeon Overview and Level Annotations

Branches:
Dungeon (1/15)

Altars:


Message History

The jackal bites you but does no damage.
You closely miss the jackal.
The jackal is almost dead.
The jackal closely misses you.
You barely miss the jackal.
The jackal is almost dead.
The jackal closely misses you. The jackal bites you.
You take 1 damage, and have 7/13 hp.
You hit the jackal.
You kill the jackal!
The jackal closely misses you.
Training target 2.0 for Conjurations reached!
Your Conjurations skill increases to level 2!
You need to enable at least one skill for training.
Casting: Magic Dart (safe; 9% risk of failure)
Confirm with . or Enter, or press ? or * to list all spells.
Okay, then.
Unknown command.
You hit the jackal but do no damage. The jackal bites you.
You take 1 damage, and have 6/13 hp.
You hit the jackal but do no damage. The jackal bites you.
You take 1 damage, and have 5/13 hp.
You hit the jackal but do no damage. The jackal completely misses you.
The jackal closely misses you.
You closely miss the jackal. The jackal closely misses you.
You aren't carrying any potions.
Unknown command.
As you read the scroll labelled FILIGG XECKAE, it crumbles to dust.
It is a scroll of identify.
You don't have any unidentified items.
The jackal bites you.
The jackal bites you but does no damage.
The jackal barely misses you.
A hobgoblin comes into view.
The hobgoblin shouts!
The jackal bites you.
* * * LOW HITPOINT WARNING * * *
You take 3 damage, and have 2/13 hp.
MASSIVE DAMAGE!!
The hobgoblin hits you.
You die...

........#
........##### ## .#
#######.....## . .
#####..## .#. #
.######## ##..###
#. ...##.
........#####...#
.. #.##..
#....h.##h# .#
#.##.#
######.##h###.#
#.##.#
#....@g#.###.##.#
####..........#.#
##
###..###.....##..##
#......###†......
#.###..###.###.##
#.###...##.#
..##..#.##.###
..###.##......#
##♣♣#####
#.#####.#.#.#


You could see 2 jackals and a hobgoblin.

Vanquished Creatures
  An endoplasm (D:1)
  A goblin (D:1)
  A hobgoblin (D:1)
  A jackal (D:1)
  A bat (D:1)
  A frilled lizard (D:1)
6 creatures vanquished.

Notes
Turn   | Place    | Note
-------+----------+-------------------------------------------
     0 | D:1      | jasper the Demonspawn Hedge Wizard began the quest for the
                  | Orb.
     0 | D:1      | Reached XP level 1. HP: 13/13 MP: 4/4
   309 | D:1      | Learned a level 1 spell: Animate Skeleton
   381 | D:1      | Slain by a hobgoblin

Illustrated notes

Levels and vault maps discovered:
D:1:      nzn_arrival_settlement, layout_rooms,
          hellmonk_ecumenical_altar_crossroads, minmay_tetromino_o2

Skill      XL: |  1 |
---------------+----+-----
Conjurations   | 2 |  2.0
Dodging        | |  1.7
Stealth        | |  1.7
Spellcasting   | |  3.0
Summonings     | |  1.0
Translocations | |  0.8

Action                   || total
-------------------------++-------
Melee: Dagger            ||    25
 Cast: Magic Dart        ||    17
  Use: Scroll            ||     1
Armor: Robe              ||     7
Dodge: Dodged            ||    21

Table legend: (Time is in decaauts)
 A = Elapsed time spent in this place.
 B = Non-inter-level travel time spent in this place.
 C = Inter-level travel time spent in this place.
 D = Time resting spent in this place.
 E = Time spent auto-exploring this place.
 F = Levels seen in this place.
 G = Mean time per level.
                   A        B        C        D        E       F      G
               +--------+--------+--------+--------+--------+-----+--------+
         Total |    381 |    381 |      0 |     70 |    238 |   1 |  381.0 |
       Dungeon |    381 |    381 |      0 |     70 |    238 |   1 |  381.0 |
               +--------+--------+--------+--------+--------+-----+--------+

Top non-repeatable levels by time:
     D:1: 381 daAuts
